 Dungeon Crawl Stone Soup version 0.30-b1-2-g02819fbbbe (webtiles) character file.

Game seed: 7217467799830706421

3654 LLlMATKO the Fighter (level 9, -3/83 HPs)
             Began as a Minotaur Berserker on Oct 8, 2023.
             Was a Believer of Trog.
             Slain by a two-headed ogre
             ... wielding a +0 giant club
              (7 damage)
             ... on level 8 of the Dungeon.
             The game lasted 00:06:10 (7768 turns).

LLlMATKO the Fighter (Minotaur Berserker)           Turns: 7768, Time: 00:06:10

Health: -3/83      AC: 18    Str: 26    XL:     9   Next: 88%
Magic:  8/8        EV: 14    Int:  4    God:    Trog [**....]
Gold:   474        SH:  0    Dex: 10    Spells: 8/8 levels left

rFire   . . .        M - +1 battleaxe
rCold   . . .        (shield currently unavailable)
rNeg    . . .        C - +0 plate armour
rPois   .            H - +2 hat
rElec   .            p - +0 cloak
rCorr   .            (no gloves)
SInv    .            l - +0 pair of boots
Will    .....        (no amulet) Stlth
                     c - +5 ring of evasion
HPRegen 0.33/turn    (no ring)
MPRegen 0.11/turn

%: no passive effects
@: on berserk cooldown, slowed, very slow
A: horns 2, retaliatory headbutt
a: Renounce Religion, Berserk, Trog's Hand


You were on level 8 of the Dungeon.
You worshipped Trog.
Trog was pleased with you.
You visited 1 branch of the dungeon, and saw 9 of its levels.

You collected 474 gold pieces.

Inventory:

Hand Weapons
 z - a +0 war axe
 E - a +2 whip of freezing
 G - a +0 battleaxe
 I - a +0 war axe
 K - a +0 war axe
 M - a +1 battleaxe (weapon)
 O - the +9 mace of Imbalance {flame, Int+7}
   (You found it on level 8 of the Dungeon)

   Int:       It affects your intelligence (+7).
Missiles
 h - 3 javelins (quivered)
 q - 20 poisoned darts
 B - a throwing net
Armour
 l - a +0 pair of boots (worn)
 p - a +0 cloak (worn)
 C - a +0 plate armour (worn)
 H - a +2 hat (worn)
Jewellery
 c - a +5 ring of evasion (left hand)
 N - an amulet of reflection
Wands
 y - a wand of acid (12)
 F - a wand of polymorph (11)
 J - a wand of roots (4)
Scrolls
 a - a scroll of poison {unknown}
 e - 2 scrolls of enchant weapon {unknown}
 f - a scroll of torment {unknown}
 g - a scroll of vulnerability {unknown}
 i - 2 scrolls of noise {unknown}
 j - 7 scrolls of identify {unknown}
 k - a scroll of amnesia {unknown}
 m - 3 scrolls of blinking {unknown}
 o - a scroll of enchant armour {unknown}
 s - 2 scrolls of fog {unknown}
 u - 4 scrolls of teleportation {unknown}
 A - a scroll of butterflies {unknown}
 L - 2 scrolls of fear {unknown}
Potions
 b - 4 potions of flight {unknown}
 d - 4 potions of curing {unknown}
 n - a potion of magic {unknown}
 r - a potion of degeneration {unknown}
 t - a potion of berserk rage {unknown}
 v - a potion of might {unknown}
 w - 2 potions of lignification {unknown}
 x - 2 potions of invisibility {unknown}
 D - 4 potions of attraction {unknown}


   Skills:
 + Level 9.3 Fighting
 + Level 9.3 Axes
 + Level 8.9 Armour
 + Level 8.0 Dodging


You had 8 spell levels left.
You didn't know any spells.
Your spell library was empty.

Dungeon Overview and Level Annotations

Branches:
Dungeon (9/15)             Temple (0/1) D:7
   Lair: D:8-11         Orc: D:9-12

Altars:
Kikubaaqudgha
Nemelex Xobeh
Ru
Sif Muna
Xom
Yredelemnul
Zin
The Shining One

Shops:
D:2 [   D:7 :


Innate Abilities, Weirdness & Mutations

You have a pair of horns on your head.
You reflexively headbutt those who attack you in melee.


Message History

Deactivating autopickup; reactivate with Ctrl-A.
The kobold hits you but does no damage.
You hear a howl!
The orc wizard mumbles some strange words.
The orc wizard flickers and vanishes!
The vampire gestures wildly while chanting.
The vampire flickers and vanishes!
The kobold brigand throws a curare-tipped dart.
The curare-tipped dart hits you.
You are poisoned.
You have difficulty breathing.
You feel as though you will be slow longer.
The kobold brigand throws a curare-tipped dart.
The curare-tipped dart completely misses you.
You feel very sick.
There is a stone staircase leading up here.
You feel very sick.
The two-headed ogre hits you with a +0 giant club!
* * * LOW HITPOINT WARNING * * *
The two-headed ogre barely misses you.
You hear some strange, mumbled words.
Something tries to affect you, but you resist.
You climb upwards.
Reactivating autopickup.
You feel very sick.
There is a stone staircase leading down here.
You slash the two-headed ogre!
Your headbutt misses the two-headed ogre.
The two-headed ogre is moderately wounded.
You feel sick. The two-headed ogre barely misses you.
The two-headed ogre closely misses you.
Unknown command.
You slice the two-headed ogre!!
The two-headed ogre is severely wounded.
You feel sick.
You are no longer poisoned.
The two-headed ogre barely misses you. You furiously retaliate!
You headbutt the two-headed ogre!
The two-headed ogre hits you but does no damage.
The two-headed ogre hits you with a +0 giant club!
You die...

###
############
#..
#........@.##
#.#
#.#######O..##
####.# #.#
##.#..######
#....# #.#
#..........#
#.#### #.#
#..[)[.....#
#.### #.#
###..[.......#
#...# #.#
#....####.####
#...#
#.####.#..#
#..## #...#
#......#..##
##..## #<..#


You could see a two-headed ogre.

Vanquished Creatures
  Pikel (D:5)
  Sigmund (D:6)
  A wyvern (D:7)
  The ghost of Discosetron the Grasshopper, an amateur BaWr (D:4)
  An acid dragon (D:6)
  A sky beast (D:8)
  An ice beast (D:8)
  5 black bears
  An ogre (D:5)
  4 orc warriors
  A centaur (D:7)
  2 scorpions (D:4)
  14 wights
  A jelly (D:6)
  3 hounds
  2 orc priests
  Crazy Yiuf (D:6)
  A gnoll bouda (D:5)
  A sleepcap (D:4)
  8 orc wizards
  9 gnolls
  4 adders
  A white imp (D:5)
  An ufetubus (D:4)
  A worm (D:2)
  3 dart slugs
  23 orcs
  5 endoplasms
  3 goblins
  4 hobgoblins
  3 jackals (D:3)
  2 quokkas
  5 ball pythons
  4 bats
  6 frilled lizards
  7 kobolds
  A rat (D:2)
133 creatures vanquished.

Vanquished Creatures (others)
  15 plants
15 creatures vanquished.

Grand Total: 148 creatures vanquished

Notes
Turn   | Place    | Note
-------+----------+-------------------------------------------
     0 | D:1      | LLlMATKO the Minotaur Berserker began the quest for the
                  | Orb.
     0 | D:1      | Reached XP level 1. HP: 19/19 MP: 0/0
     1 | D:1      | Noticed an electric eel
   798 | D:2      | Found a faded altar of an unknown god.
   800 | D:2      | Noticed a floating eye
   800 | D:2      | Noticed a great orb of eyes
   807 | D:2      | Noticed a floating eye
   824 | D:2      | Reached XP level 2. HP: 25/27 MP: 1/1
   876 | D:2      | Noticed a floating eye
   961 | D:2      | Found Apimeb's Antique Armour Boutique.
  1552 | D:3      | Reached XP level 3. HP: 32/33 MP: 2/2
  1678 | D:3      | Found a sparkling altar of Nemelex Xobeh.
  1727 | D:3      | Reached XP level 4. HP: 41/41 MP: 3/3
  1854 | D:3      | Found a basalt altar of Yredelemnul.
  2248 | D:3      | Found a sacrificial altar of Ru.
  2348 | D:4      | Noticed a scorpion
  2355 | D:4      | Killed a scorpion
  2355 | D:4      | Reached ** piety under Trog
  2356 | D:4      | Reached XP level 5. HP: 36/47 MP: 4/4
  2484 | D:4      | Noticed a black bear
  2492 | D:4      | Killed a black bear
  2493 | D:4      | Reached skill level 5 in Fighting
  2493 | D:4      | Reached skill level 5 in Axes
  2505 | D:4      | Noticed Discosetron's ghost (amateur BaWr)
  2513 | D:4      | Reached XP level 6. HP: 56/56 MP: 5/5
  2516 | D:4      | Found a runed translucent door.
  2852 | D:4      | Found an ancient bone altar of Kikubaaqudgha.
  3396 | D:4      | Killed Discosetron's ghost
  3397 | D:4      | Reached skill level 5 in Armour
  3397 | D:4      | Reached XP level 7. HP: 62/62 MP: 6/6
  3423 | D:5      | Entered Level 5 of the Dungeon
  3435 | D:5      | Found a glowing golden altar of the Shining One.
  3627 | D:5      | Found a shimmering blue altar of Sif Muna.
  3628 | D:5      | Noticed Pikel
  3643 | D:5      | Killed Pikel
  3644 | D:5      | Reached skill level 5 in Dodging
  3644 | D:5      | Reached XP level 8. HP: 71/71 MP: 7/7
  3951 | D:5      | Found a shimmering altar of Xom.
  4820 | D:6      | Found a runed translucent door.
  4821 | D:6      | Noticed Crazy Yiuf
  4873 | D:6      | Noticed Sigmund
  4882 | D:6      | Killed Sigmund
  5000 | D:6      | Reached XP level 9. HP: 81/81 MP: 8/8
  5021 | D:6      | HP: 3/81 [acid dragon (6)]
  5511 | D:6      | Killed Crazy Yiuf
  5819 | D:7      | Found a staircase to the Ecumenical Temple.
  6371 | D:7      | Found a glowing silver altar of Zin.
  6483 | D:7      | Found Utozedeh's Vocational Training.
  7350 | D:8      | Identified the +9 mace of Imbalance {flame, Int+7}
  7746 | D:9      | Noticed a two-headed ogre
  7751 | D:9      | Noticed a troll
  7768 | D:8      | HP: 4/83 [poisoned by a kobold brigand (curare-tipped
                  | dart)]
  7768 | D:8      | Slain by a two-headed ogre

Illustrated notes

Levels and vault maps discovered:
D:1:      arrival_aquarium_a, layout_basic, serial_glass, glass_columns_b,
          glass_columns_a, feat_on_display
D:2:      layout_loops_cross, serial_shops, shop,
          hellmonk_ecumenical_altar_watching_god
D:3:      layout_loops_ring, nemelex_dance_club_becter, amcnicky_altar_gilded,
          nicolae_ru_the_path_less_chosen, serial_park_tiny_1,
          grunt_ministairs_4, minmay_misc_feat_columns, serial_bayou_pond_c
D:4:      layout_rooms, mainiacjoe_overflow_alcove_1,
          hellmonk_ghost_happy_afterlife, chequers_big_river,
          lemuel_flame_loot_1
D:5:      layout_loops_ring, nicolae_overflow_crystal_walls,
          mainiacjoe_overflow_paths, nicolae_overflow_hidden_temple, uniq_pikel
D:6:      layout_basic, uniq_sigmund, uniq_crazy_yiuf_cottage
D:7:      layout_loops_ring, zin_treasury, minmay_temple_entry_enclosed_plants,
          nicolae_shop_vocational
D:8:      layout_basic
D:9:      layout_cave_pools, erik_orc_4, serial_shops, shop_fountains

Skill      XL: |  1  2  3  4  5  6  7  8  9 |
---------------+----------------------------+-----
Fighting       | 4 5 6 7 9 |  9.3
Axes           | 4 5 6 7 9 |  9.3
Armour         | 3 4 5 6 7 8 |  8.9
Dodging        | 3 4 5 6 8 |  8.0

Action                     |  1- 3 |  4- 6 |  7- 9 || total
---------------------------+-------+-------+-------++-------
  Melee: Hand axe          |    63 |    43 |       ||   106
         Headbutt          |     5 |    17 |    35 ||    57
         Punch             |       |     1 |     1 ||     2
         War axe           |       |    17 |    65 ||    82
         Battleaxe         |       |       |   147 ||   147
 Invoke: Berserk           |     1 |     1 |     9 ||    11
         Trog's Hand       |       |     1 |       ||     1
   Stab: Sleeping          |       |     1 |       ||     1
 Armour: Animal skin       |    19 |       |       ||    19
         Scale mail        |       |     8 |       ||     8
         Chain mail        |       |     8 |       ||     8
         Plate armour      |       |     2 |   144 ||   146
  Dodge: Dodged            |    47 |    68 |   168 ||   283
